 Dungeon Crawl Stone Soup version 0.28-a0-925-gd5e1996cdb (webtiles) character file.

Game seed: 2786199985508069794

36 dolemite99 the Chopper (level 3, -1/31 HPs)
             Began as a Minotaur Fighter on Nov 27, 2021.
             Slain by Crazy Yiuf (6 damage)
             ... on level 2 of the Dungeon.
             The game lasted 00:01:17 (1542 turns).

dolemite99 the Chopper (Minotaur Fighter)           Turns: 1542, Time: 00:01:17

Health: -1/31      AC:  8    Str: 21    XL:     3   Next: 19%
Magic:  0/2        EV:  9    Int:  5    God:
Gold:   55         SH:  4    Dex:  9    Spells: 2/2 levels left

rFire   . . .      SeeInvis .   p - +2 short sword (venom)
rCold   . . .      Faith    .   c - +0 buckler
rNeg    . . .      Spirit   .   b - +0 scale mail
rPois   .          Reflect  .   (helmet restricted)
rElec   .          Harm     .   l - +0 cloak
rCorr   .          Rampage  .   (no gloves)
Will    .....                   (no boots)
Stlth   ..........              (no amulet)
HPRegen 0.10/turn               (no ring)
MPRegen 0.08/turn               (no ring)

@: no status effects
A: horns 2, retaliatory headbutt
a: no special abilities


You were on level 2 of the Dungeon.
You visited 1 branch of the dungeon, and saw 2 of its levels.

You collected 55 gold pieces.

Inventory:

Hand Weapons
 a - a +0 war axe
 p - a +2 short sword of venom (weapon)
Missiles
 i - 71 stones (quivered)
 k - 4 javelins
 o - 32 arrows
Armour
 b - a +0 scale mail (worn)
 c - a +0 buckler (worn)
 l - a +0 cloak (worn)
Jewellery
 g - a +4 ring of evasion
Scrolls
 e - a scroll of enchant weapon {unknown}
 f - 2 scrolls of identify {unknown}
 m - a scroll of magic mapping {unknown}
Potions
 d - a potion of might
 h - a potion of curing {unknown}
 j - a potion of cancellation {unknown}
 n - a potion of attraction {unknown}
 q - a potion of degeneration {unknown}


   Skills:
 - Level 3.6 Fighting
 + Level 4.5 Axes
 - Level 3.6 Armour
 - Level 3.6 Shields


You had 2 spell levels left.
You didn't know any spells.
Your spell library was empty.

Dungeon Overview and Level Annotations

Branches:
Dungeon (2/15)

Altars:

Annotations:
D:2 Crazy Yiuf


Innate Abilities, Weirdness & Mutations

You have a pair of horns on your head.
You reflexively headbutt those who attack you in melee.


Message History

Found a stone staircase leading up.
Key pressed, stopping explore.
No target in view!
Key pressed, stopping explore.
No target in view!
No target in view!
There is an open door here.
You see here a +2 short sword of venom.
You see here a +2 short sword of venom.
p - a +2 short sword of venom
There is a stone staircase leading down here.
q - a fuming ruby potion
Okay, then.
Your +2 short sword of venom begins to drip with poison!
p - a +2 short sword of venom (weapon)
There is a stone staircase leading down here.
There is a stone staircase leading down here.
Crazy Yiuf shouts!
Could not explore, unopened runed door.
You open the door. You barely miss Crazy Yiuf.
Crazy Yiuf hits you with a +4 quarterstaff of chaos.
Crazy Yiuf burns you.
You hit Crazy Yiuf.
Crazy Yiuf is lightly wounded.
Crazy Yiuf zaps a wand.
The puff of flame hits you.
You hit Crazy Yiuf but do no damage. Your headbutt misses Crazy Yiuf.
Crazy Yiuf is lightly wounded.
Crazy Yiuf zaps a wand.
The puff of flame hits you!
You closely miss Crazy Yiuf. You headbutt Crazy Yiuf.
Crazy Yiuf is moderately wounded.
Crazy Yiuf twirls on the spot.
Crazy Yiuf zaps a wand.
The puff of flame hits you.
Crazy Yiuf hits you with a +4 quarterstaff of chaos!
* * * LOW HITPOINT WARNING * * *
You feel your power leaking away.
You barely miss Crazy Yiuf. You headbutt Crazy Yiuf.
Crazy Yiuf is moderately wounded.
Crazy Yiuf hits you with a +4 quarterstaff of chaos.
You die...

###### #....# ####.# ##########
#.####### ......<..#
♣♣♣♣♣##.'...... ......#### ###
♣♣♣.♣.)....###### ......#
#...#♣..♣.......# ......#
#...g@♣♣♣♣......# ......# #)..#♣♣
♣♣....####### ......# ### ♣♣####
#.... #.##### #######.# #.#
#........ ..######
################........
.##....###.##........##..######.#
..'....+....'........##..# #.#
#.#....###)##........##..# #.#


You could see Crazy Yiuf.

Vanquished Creatures
  An adder (D:2)
  3 bats
  4 endoplasms (D:1)
  2 giant cockroaches (D:2)
  A goblin (D:1)
  2 kobolds
  A quokka (D:1)
  6 ball pythons (D:1)
  4 frilled lizards
  3 rats
27 creatures vanquished.

Notes
Turn   | Place    | Note
-------+----------+-------------------------------------------
     0 | D:1      | dolemite99 the Minotaur Fighter began the quest for the
                  | Orb.
     0 | D:1      | Reached XP level 1. HP: 19/19 MP: 0/0
   115 | D:1      | Reached skill level 3 in Axes
   230 | D:1      | Reached XP level 2. HP: 23/26 MP: 1/1
   798 | D:2      | Found a runed translucent door.
   799 | D:2      | Noticed Crazy Yiuf
   884 | D:2      | Reached skill level 4 in Axes
  1238 | D:2      | Reached XP level 3. HP: 31/31 MP: 2/2
  1542 | D:2      | Slain by Crazy Yiuf

Illustrated notes

Levels and vault maps discovered:
D:1:      dpeg_chamrin_arrival_tetris, layout_loops_ring
D:2:      layout_basic, uniq_crazy_yiuf_cottage

Skill      XL: |  1  2 |
---------------+-------+-----
Axes           | 3 4 |  4.5
Fighting       | |  3.6
Armour         | |  3.6
Shields        | |  3.6

Action                   || total
-------------------------++-------
Melee: War axe           ||    46
       Headbutt          ||     8
       Short sword       ||     5
Throw: Stone             ||    12
Armor: Scale mail        ||    16
Dodge: Dodged            ||    19
Block: Buckler           ||     9

Table legend: (Time is in decaauts)
 A = Elapsed time spent in this place.
 B = Non-inter-level travel time spent in this place.
 C = Inter-level travel time spent in this place.
 D = Time resting spent in this place.
 E = Time spent auto-exploring this place.
 F = Levels seen in this place.
 G = Mean time per level.
                   A        B        C        D        E       F      G
               +--------+--------+--------+--------+--------+-----+--------+
         Total |   1558 |   1522 |     36 |      0 |   1249 |   2 |  779.0 |
       Dungeon |   1558 |   1522 |     36 |      0 |   1249 |   2 |  779.0 |
               +--------+--------+--------+--------+--------+-----+--------+

Top non-repeatable levels by time:
     D:2: 806 daAuts
     D:1: 751 daAuts
